 Dungeon Crawl Stone Soup version 0.28-a0-69-g49dcd67cf8 (webtiles) character file.

Game seed: 5531109761658336629

26259 PentaManta the Cleaver (level 12, -14/78 HPs)
             Began as a Minotaur Berserker on July 31, 2021.
             Was a High Priest of Trog.
             Collided with a metal wall (19 damage)
             ... caused by a wretched star
             ... in a Gauntlet.
             The game lasted 00:35:06 (13578 turns).

PentaManta the Cleaver (Minotaur Berserker)        Turns: 13578, Time: 00:35:08

Health: -14/78     AC: 25    Str: 25 (27) XL:     12   Next: 96%
Magic:  2/2        EV: 10    Int: -2 (0)  God:    Trog [*****.]
Gold:   1098       SH:  4    Dex:  5 (6)  Spells: 11/11 levels left

rFire   . . .      SeeInvis .   G - +1 broad axe (antimagic)
rCold   . . .      Faith    .   F - +0 buckler
rNeg    + . .      Spirit   .   y - +2 chain mail {rN+} {:)}
rPois   .          Reflect  .   O - +1 hat
rElec   .          Harm     .   (no cloak)
rCorr   .          Rampage  .   (no gloves)
Will    .....      NoTele   +   (no boots)
Stlth   ..........              (no amulet)
HPRegen 1.23/turn               q - +4 ring of protection
MPRegen 0.08/turn               H - +4 ring of protection

@: brilliant, unable to read, on berserk cooldown, hasted and slowed, lost
intelligence, studying Armour
A: horns 2, retaliatory headbutt, iridescent scales 1, sense surroundings 1,
regeneration 1, [clumsy 2], [deterioration 2], [dopey 2], frail 1[+2], [low mp
2], [inability to read while threatened]
a: Renounce Religion, Berserk, Trog's Hand, Brothers in Arms


You were in a Gauntlet.
You worshipped Trog.
Trog was extremely pleased with you.
You visited 4 branches of the dungeon, and saw 16 of its levels.
You also visited: Gauntlet.

You collected 1098 gold pieces.

Inventory:

Hand Weapons
 G - a +1 antimagic broad axe (weapon)
 Q - a +0 broad axe of flaming
Missiles
 a - 2 throwing nets
 f - 119 poisoned darts
 o - 2 javelins (quivered)
 u - 5 boomerangs of dispersal
 C - a curare-tipped dart
Armour
 h - a +0 chain mail of poison resistance
 y - a +2 chain mail of positive energy (worn) {:)}
 A - +0 acid dragon scales
 F - a +0 buckler (worn)
 J - a +3 plate armour of poison resistance
 O - a +1 hat (worn)
Jewellery
 c - a +6 ring of dexterity
 j - a ring of willpower
 k - a ring of resist corrosion
 q - a +4 ring of protection (left hand)
 H - a +4 ring of protection (right hand)
 L - a ring of positive energy
 S - the amulet of Seschygg {Faith Str-3 Dex+4 SInv}
   (You found it in a Gauntlet)

   [amulet of faith]

   It allows you to gain divine favour quickly.
   Str:       It affects your strength (-3).
   Dex:       It affects your dexterity (+4).
   SInv:      It lets you see invisible.
Wands
 m - a wand of paralysis (12)
 p - a wand of mindburst (24)
 r - a wand of acid (13)
 t - a wand of flame (52)
 B - a wand of iceblast (16)
 D - a wand of digging (4)
Scrolls
 d - 5 scrolls of blinking
 e - a scroll of fog
 g - 3 scrolls of teleportation
 i - a scroll of amnesia
 l - a scroll of vulnerability {unknown}
 n - 2 scrolls of identify
 s - a scroll of magic mapping
 E - a scroll of enchant weapon
 M - a scroll of fear
Potions
 b - a potion of flight
 v - 3 potions of attraction
 x - 2 potions of haste
 z - 2 potions of degeneration
 I - a potion of resistance
 K - a potion of magic {unknown}
 R - a potion of might {unknown}
 T - a potion of mutation
Miscellaneous
 P - a phantom mirror


   Skills:
 + Level 11.8 Fighting
 + Level 13.3 Axes
 - Level 8.0 Throwing
 + Level 11.7 Armour
 * Level 11.6 Dodging
 - Level 4.0 Shields


You had 11 spell levels left.
You didn't know any spells.
Your spell library was empty.

Dungeon Overview and Level Annotations

Branches:
Dungeon (12/15)            Temple (1/1) D:6            Lair (1/6) D:8
    Orc (2/2) D:9             Elf (0/3) Orc:2       Gauntlet (1/1)

Altars:
Ashenzari
Gozag
Kikubaaqudgha
Makhleb
Qazlal
Ru
Sif Muna
Uskayaw
Xom
Yredelemnul
Zin

Shops:
D:6 *

Annotations:
D:4 1 exclusion
Orc:1 exclusion: 7 doors Gauntlet 8 transporters, exclusions: obsidian statue and oklob plant


Innate Abilities, Weirdness & Mutations

You have a pair of horns on your head.
You reflexively headbutt those who attack you in melee.
You are partially covered in iridescent scales. (AC +2)
You passively map a small area around you.
Your natural rate of healing is unusually fast.
[You are very clumsy. (Dex -4)]
[Your body often deteriorates upon taking damage.]
[You are very dopey. (Int -4)]
[You are extremely frail. (-30% HP)]
[Your magical capacity is very low. (-20% MP)]
[You sometimes lose the ability to read scrolls when taking damage.]


Message History

You are knocked back by the lance of force.
You slam into the metal wall!
You feel clever all of a sudden.
The wretched star glows turbulently.
The lance of force hits you.
You are knocked back by the lance of force.
You slam into the metal wall!
You can read scrolls again.
The wretched star glows turbulently.
The lance of force hits you.
You feel threatened and lose the ability to read scrolls!
You are knocked back by the lance of force.
You slam into the metal wall!
The wretched star pulses with an eldritch light!
You feel clumsy. x2
You hit the wretched star but do no damage.
The wretched star glows turbulently.
The lance of force hits you!
Your body deteriorates!
You feel dopey.
You are knocked back by the lance of force.
You slam into the metal wall!
* * * LOW HITPOINT WARNING * * *
Your body deteriorates!
You feel dopey.
The wretched star glows turbulently.
The lance of force hits you!
* * * LOW HITPOINT WARNING * * *
You are knocked back by the lance of force.
You slam into the metal wall!
You feel better.
The wretched star pulses with an eldritch light!
You feel less energetic. x2
Unknown command.
You feel yourself speed up.
The wretched star glows turbulently.
The lance of force hits you!
* * * LOW HITPOINT WARNING * * *
Your body deteriorates!
You feel weakened.
You are knocked back by the lance of force.
You slam into the metal wall!
You die...

..##.#.#.#.##..#.#.###.8.#..##
[###.#.#.##....#.#.###...#..≈#
Z©??.#.#.).©..x#.#.=:©.?.#..##
######.#########.#########..≈#
............................##
....§§...8.∩.8....§.§.......≈#
§#≈#≈#############≈#≈#≈#≈#≈###
#######.........############
#...©.©.©*.@#* #.............#
#.#.#######.#.# #.#.., , ..#.#
* * ##.#.# , ,....# , '* ..#.#
* #..#.# ,


You could see a wretched star and a small abomination.

Vanquished Creatures
  A stone giant (D:9)
  Snorg (Orc:2)
  2 boulder beetles
  A catoblepas (D:10)
  A death knight (D:9)
  A death scarab (Gauntlet)
  A centaur warrior (D:10)
  3 two-headed ogres (D:10)
  A tengu warrior (Gauntlet)
  4 skeletal warriors (D:11)
  A spectral hydra (Gauntlet)
  A manticore (D:11)
  6 cyclopes
  4 orange demons (D:10)
  2 gargoyles (D:11)
  A komodo dragon (D:11)
  A tengu conjurer (Gauntlet)
  2 red devils (D:10)
  2 kobold demonologists (D:9)
  2 trolls
  A hornet (D:9)
  A slime creature (D:9)
  2 fire bats (Orc:1)
  2 wraiths
  Grum (D:8)
  A yak (D:10)
  4 steam dragons
  9 vampire mosquitoes (D:11)
  A warg (Orc:1)
  3 acid dragons
  2 water moccasins (D:8)
  7 orc warriors
  A sky beast (D:7)
  2 necrophages
  9 ogres
  6 wolves
  4 centaurs
  4 kobold brigands
  4 bullfrogs
  A scorpion (D:5)
  A water moccasin skeleton (D:5)
  10 killer bees
  10 wights
  A howler monkey (D:9)
  A crimson imp (D:6)
  5 hounds
  8 orc priests
  2 jellies (D:7)
  3 bullfrog skeletons
  A gnoll shaman (D:10)
  Ijyb (D:3)
  3 iguanas
  17 orc wizards
  A scorpion zombie (D:5)
  A killer bee zombie (D:9)
  3 gnolls (D:10)
  A howler monkey skeleton (D:7)
  7 adders
  A howler monkey simulacrum (D:9)
  An ufetubus (D:7)
  2 worms
  3 dart slugs
  35 orcs
  9 endoplasms
  A giant cockroach (D:4)
  9 goblins
  3 hobgoblins
  14 jackals
  3 quokkas
  4 ball pythons
  4 bats
  A frilled lizard (D:2)
  25 kobolds
  8 rats
302 creatures vanquished.

Vanquished Creatures (collateral kills)
  An ugly thing (D:12)
  A red devil (D:10)
  An orc warrior (D:9)
  A centaur zombie (D:10)
  An orc (D:9)
5 creatures vanquished.

Vanquished Creatures (others)
  4 plants (Orc:1)
  A withered plant (D:4)
5 creatures vanquished.

Grand Total: 312 creatures vanquished

Notes
Turn   | Place    | Note
-------+----------+-------------------------------------------
     0 | D:1      | PentaManta the Minotaur Berserker began the quest for the
                  | Orb.
     0 | D:1      | Reached XP level 1. HP: 19/19 MP: 0/0
   169 | D:1      | Reached skill level 4 in Axes
   233 | D:1      | Reached XP level 2. HP: 21/26 MP: 1/1
   888 | D:1      | Reached skill level 5 in Axes
   903 | D:1      | Reached XP level 3. HP: 28/31 MP: 2/2
   970 | D:1      | Reached ** piety under Trog
  1629 | D:2      | Found a faded altar of an unknown god.
  1954 | D:3      | Reached skill level 6 in Axes
  1954 | D:3      | Reached XP level 4. HP: 39/39 MP: 3/3
  2039 | D:3      | Noticed Ijyb
  2056 | D:3      | Killed Ijyb
  2385 | D:3      | Reached skill level 7 in Axes
  2385 | D:3      | Reached XP level 5. HP: 22/45 MP: 4/4
  2958 | D:3      | Reached *** piety under Trog
  3150 | D:4      | Noticed an ogre
  3394 | D:4      | Killed an ogre
  3395 | D:4      | Reached XP level 6. HP: 52/52 MP: 5/5
  3485 | D:4      | Found an ancient bone altar of Kikubaaqudgha.
  3504 | D:4      | Reached skill level 1 in Throwing
  3727 | D:4      | Reached skill level 8 in Axes
  3780 | D:4      | Reached XP level 7. HP: 59/60 MP: 6/6
  4341 | D:5      | Entered Level 5 of the Dungeon
  4570 | D:5      | Reached skill level 5 in Fighting
  4572 | D:5      | Reached **** piety under Trog
  5124 | D:5      | Found a glowing silver altar of Zin.
  5150 | D:5      | Reached XP level 8. HP: 69/69 MP: 7/7
  5292 | D:6      | Found a staircase to the Ecumenical Temple.
  5308 | Temple   | Entered the Ecumenical Temple
  5472 | D:6      | HP: 3/69 [steam dragon] (5)]
  5798 | D:6      | Found a burning altar of Makhleb.
  5799 | D:6      | Found a shimmering altar of Xom.
  6104 | D:6      | Reached skill level 5 in Armour
  6382 | D:6      | Found Joedeo's Assorted Antiques.
  6639 | D:7      | Reached skill level 9 in Axes
  6665 | D:7      | Reached skill level 5 in Dodging
  7103 | D:7      | Reached XP level 9. HP: 71/78 MP: 8/8
  7586 | D:7      | Found an opulent altar of Gozag.
  7884 | D:8      | Reached skill level 1 in Shields
  8166 | D:8      | Found a broken altar of Ashenzari.
  8166 | D:8      | Found a basalt altar of Yredelemnul.
  8167 | D:8      | Found a hide-covered altar of Uskayaw.
  8211 | D:8      | Reached skill level 5 in Throwing
  8220 | D:8      | Gained mutation: Your spells are a little harder to cast,
                  | but a little more powerful. [potion of mutation]
  8220 | D:8      | Gained mutation: [Your magical capacity is low. (-10% MP)]
                  | [potion of mutation]
  8220 | D:8      | Gained mutation: You passively map a small area around you.
                  | [potion of mutation]
  8224 | D:8      | HP: 3/75 [wolf[Grum] (7)]
  8226 | D:8      | Lost mutation: [Your magical capacity is low. (-10% MP)]
                  | [potion of mutation]
  8226 | D:8      | Lost mutation: Your spells are a little harder to cast, but
                  | a little more powerful. [potion of mutation]
  8226 | D:8      | Gained mutation: Your natural rate of healing is unusually
                  | fast. [potion of mutation]
  8226 | D:8      | Gained mutation: [You are frail. (-10% HP)] [potion of
                  | mutation]
  8226 | D:8      | Gained mutation: You are partially covered in iridescent
                  | scales. (AC +2) [potion of mutation]
  8484 | D:8      | Found a shimmering blue altar of Sif Muna.
  8655 | D:8      | Found a staircase to the Lair.
  8822 | D:8      | Reached skill level 10 in Axes
  8843 | D:8      | Noticed Grum
  8853 | D:8      | Killed Grum
  9061 | Lair:1   | Entered Level 1 of the Lair of Beasts
  9118 | D:9      | Found a staircase to the Orcish Mines.
  9119 | D:9      | Noticed a kobold demonologist
  9121 | D:9      | Noticed a kobold demonologist
  9133 | D:9      | Noticed a soul eater
  9137 | D:9      | Killed a kobold demonologist
  9143 | D:9      | Killed a kobold demonologist
  9144 | D:9      | Reached XP level 10. HP: 79/79 MP: 9/9
  9550 | D:9      | Noticed a boulder beetle
  9568 | D:9      | Killed a boulder beetle
  9634 | D:9      | Reached ***** piety under Trog
  9662 | D:9      | Noticed a stone giant
  9673 | D:9      | Killed a stone giant
  9674 | D:9      | Reached skill level 11 in Axes
 10084 | D:10     | Entered Level 10 of the Dungeon
 10095 | D:10     | Noticed a two-headed ogre
 10104 | D:10     | Killed a two-headed ogre
 10105 | D:10     | Reached XP level 11. HP: 87/87 MP: 10/10
 10176 | D:10     | Noticed a two-headed ogre
 10188 | D:10     | Killed a two-headed ogre
 10232 | D:10     | Noticed a centaur warrior
 10241 | D:10     | Noticed a two-headed ogre
 10248 | D:10     | Killed a centaur warrior
 10257 | D:10     | Killed a two-headed ogre
 10265 | D:10     | Noticed a death knight
 10311 | D:9      | HP: 2/133 [death knight (22)]
 10313 | D:9      | Killed a death knight
 10565 | D:10     | Found a large runed translucent door.
 10566 | D:10     | Found a large runed translucent door.
 10572 | D:10     | Reached skill level 10 in Fighting
 10580 | D:10     | Noticed a catoblepas
 10594 | D:10     | Killed a catoblepas
 10644 | D:10     | Found a sacrificial altar of Ru.
 10659 | D:10     | Found a stormy altar of Qazlal.
 10701 | D:10     | Reached skill level 12 in Axes
 10825 | D:10     | Reached skill level 10 in Armour
 11125 | D:11     | Noticed a boulder beetle
 11134 | D:11     | Killed a boulder beetle
 11135 | D:11     | Reached XP level 12. HP: 69/97 MP: 3/11
 11945 | D:11     | Reached skill level 10 in Dodging
 12352 | D:11     | You fall into a shaft and drop 1 floor!
 12374 | D:11     | HP: 3/148 [skeletal warrior[a skeletal warrior] (11)]
 12654 | Orc:1    | Entered Level 1 of the Orcish Mines
 12847 | Orc:1    | Received a gift from Trog
 12873 | Orc:1    | Reached skill level 13 in Axes
 13109 | Orc:2    | Entered Level 2 of the Orcish Mines
 13111 | Orc:2    | Noticed Snorg
 13126 | Orc:2    | Killed Snorg
 13161 | Orc:2    | Found a gate leading to a gauntlet.
 13171 | Gauntlet | Entered a Gauntlet
 13171 | Gauntlet | Found a transporter.
 13171 | Gauntlet | Found a transporter.
 13174 | Gauntlet | Noticed a tengu warrior
 13177 | Gauntlet | Found a transporter.
 13189 | Gauntlet | Found a transporter.
 13207 | Gauntlet | Found a transporter.
 13207 | Gauntlet | Found a transporter.
 13207 | Gauntlet | Found a transporter.
 13208 | Gauntlet | Noticed a death scarab
 13209 | Gauntlet | Found a transporter.
 13209 | Gauntlet | Found a transporter.
 13222 | Gauntlet | Found a transporter.
 13239 | Gauntlet | Found a transporter.
 13249 | Gauntlet | Found a transporter.
 13263 | Gauntlet | Found a transporter.
 13284 | Gauntlet | Found a transporter.
 13319 | Gauntlet | Identified a scroll of acquirement
 13319 | Gauntlet | Acquired a manual of Armour
 13336 | Gauntlet | Killed a tengu warrior
 13414 | Gauntlet | Killed a death scarab
 13551 | Gauntlet | Identified the amulet of Seschygg {Faith Str-3 Dex+4 SInv}
 13569 | Gauntlet | Lost intelligence.
 13576 | Gauntlet | HP: 3/78 [wretched star/lance of force (14)]
 13578 | Gauntlet | Collided with a metal wall

Illustrated notes

Levels and vault maps discovered:
D:1:      minmay_arrival_doors, layout_basic, minmay_octomino_j4
D:2:      layout_basic, hellmonk_ecumenical_altar_dog_temple
D:3:      layout_loops_ring, uniq_ijyb
D:4:      layout_basic, kiku_gazebo_garden_becter, minivault_5,
          due_unseen_surprise
D:5:      layout_loops_corners, zin_scriptorium, minivault_14
D:6:      layout_basic, grunt_temple_overflow_champion_of_chaos,
          minmay_temple_entry_mini_moons, nicolae_wooded_promenade
D:7:      layout_gridville, kennysheep_mini, minmay_misc_feat_iff
D:8:      layout_loops_cross, gammafunk_temple_overflow_claw,
          kennysheep_orc_sif_temple, lair_entry_dummy, uniq_grum
D:9:      minmay_shrinking_squares, layout_rooms, orc_0_dummy,
          hellmonk_bongcloud_opening
D:10:     hangedman_cross_stitches, layout_rooms, jmf_multi_god_temple2,
          corexii_corridor_pit, minmay_beelzebubs_servants
D:11:     layout_stronghold
D:12:     layout_roguey, beargit_hepliaklqana_dungeon_heroes, uniq_sonja
Temple:   jpeg_temple_clearing
Lair:1:   layout_cave_pods, lemuel_fruit_tree, serial_bayou_shore_a
Orc:1:    giant_chief_lemuel, layout_caves, basic_altar
Orc:2:    grunt_orc_community_town_hall, layout_diamond_mine,
          grunt_orc_community_big_house_2, grunt_orc_community_big_house_1,
          grunt_orc_community_house_3, grunt_orc_community_house_3,
          grunt_orc_community_house_3, grunt_orc_community_house_2,
          gauntlet_entry_generic, nicolae_volcano_entry_batcave,
          nicolae_orc_damp_corner, uniq_snorg, uniq_jorgrun
Gauntlet: gammafunk_gauntlet_mixed_choke_point
          [minmay_gauntlet_arena_77_broken_ladder,
          minmay_gauntlet_arena_77_squiggly, minmay_gauntlet_arena_77_braids,
          nicolae_gauntlet_arena_x, minmay_gauntlet_arena_77_p_blocks,
          minmay_gauntlet_arena_77_hold_the_fort,
          minmay_gauntlet_arena_77_block_sizes,
          nicolae_gauntlet_exit_dead_adventurers]

Skill      XL: |  1  2  3  4  5  6  7  8  9 10 11 12 |
---------------+-------------------------------------+-----
Axes           | 4 5 6 7 8 9 10 11 12 13 | 13.3
Fighting       | 4 5 6 7 9 10 11 | 11.8
Throwing       | 1 3 4 5 6 8 |  8.0
Armour         | 3 4 6 7 8 10 11 | 11.7
Dodging        | 3 4 5 6 8 9 11 | 11.6
Shields        | 4 |  4.0

Action                   |  1- 3 |  4- 6 |  7- 9 | 10-12 || total
-------------------------+-------+-------+-------+-------++-------
Melee: Hand axe          |    77 |   149 |   387 |    87 ||   700
       Headbutt          |    13 |    31 |    64 |    99 ||   207
       War axe           |       |       |       |    78 ||    78
       Broad axe         |       |       |       |   289 ||   289
Throw: Dart              |       |       |       |    11 ||    11
Invok: Berserk           |       |     2 |     8 |    17 ||    27
       Brothers in Arms  |       |       |       |     2 ||     2
       Trog's Hand       |       |       |       |     4 ||     4
  Use: Potion            |       |     1 |     6 |     4 ||    11
       Scroll            |       |       |     2 |    13 ||    15
 Stab: Distracted        |       |       |       |     1 ||     1
Armor: Animal skin       |     9 |       |       |       ||     9
       Scale mail        |     8 |    71 |   114 |       ||   193
       Acid dragon scale |       |       |    42 |   223 ||   265
       Chain mail        |       |       |       |    18 ||    18
Dodge: Dodged            |    37 |    59 |   192 |   289 ||   577
Block: Buckler           |       |       |    20 |    88 ||   108

Table legend: (Time is in decaauts)
 A = Elapsed time spent in this place.
 B = Non-inter-level travel time spent in this place.
 C = Inter-level travel time spent in this place.
 D = Time resting spent in this place.
 E = Time spent auto-exploring this place.
 F = Levels seen in this place.
 G = Mean time per level.
                   A        B        C        D        E       F      G
               +--------+--------+--------+--------+--------+-----+--------+
         Total |  13713 |  13073 |    640 |   2117 |   8258 |  17 |  806.6 |
       Dungeon |  12735 |  12095 |    640 |   1867 |   7921 |  12 | 1061.2 |
        Temple |      1 |      1 |      0 |      0 |      0 |   1 |    1.0 |
          Lair |      1 |      1 |      0 |      0 |      0 |   1 |    1.0 |
  Orcish Mines |    538 |    538 |      0 |    119 |    199 |   2 |  269.0 |
      Gauntlet |    435 |    435 |      0 |    131 |    137 |   1 |  435.0 |
               +--------+--------+--------+--------+--------+-----+--------+

Top non-repeatable levels by time:
    D:11: 1527 daAuts
     D:8: 1409 daAuts
     D:7: 1267 daAuts
     D:3: 1259 daAuts
     D:5: 1221 daAuts
     D:4: 1159 daAuts
     D:1: 1061 daAuts
     D:6: 1022 daAuts
     D:9: 984 daAuts
    D:10: 876 daAuts
     D:2: 872 daAuts
   Orc:1: 468 daAuts
Gauntlet: 435 daAuts
    D:12: 74 daAuts
   Orc:2: 69 daAuts
